 Dungeon Crawl Stone Soup version 0.16.2-2-g470672f (webtiles) character file.

74 Mynnion the Skirmisher (level 4, -1/41 HPs)
             Began as a Minotaur Berserker on Sept 3, 2015.
             Was a Believer of Trog.
             Slain by Crazy Yiuf
             ... wielding a +2 quarterstaff of chaos
              (12 damage)
             ... on level 2 of the Dungeon.
             The game lasted 00:09:52 (1430 turns).

Mynnion the Skirmisher (Minotaur Berserker)         Turns: 1430, Time: 00:09:53

Health: -1/41      AC:  3    Str: 22    XL:     4   Next: 10%
Magic:  2/2        EV: 12    Int:  4    God:    Trog [**....]
Gold:   98         SH:  0    Dex: 10    Spells: 0 memorised, 3 levels left

rFire  + . .     SeeInvis .     a - +0 mace
rCold  . . .     Clarity  .     b - +0 animal skin
rNeg   . . .     SustAb   .     (no shield)
rPois  .         Gourm    .     (helmet restricted)
rElec  .         Spirit   .     (no cloak)
rCorr  .         Warding  .     i - +0 pair of gloves
rMut   .         Stasis   .     (no boots)
MR     +....                    (no amulet)
Stlth  +.........               g - ring of protection from fire
                                f - ring of protection from magic

@: drained, somewhat resistant to hostile enchantments, very unstealthy
A: retaliatory headbutt, horns 2
a: Burn Spellbooks, Berserk, Trog's Hand, Renounce Religion


You were on level 2 of the Dungeon.
You worshipped Trog.
Trog was pleased with you.
You were very full.

You visited 1 branch of the dungeon, and saw 2 of its levels.

You collected 98 gold pieces.

Inventory:

Hand weapons
 a - a +0 mace (weapon)
Missiles
 d - 3 sling bullets of frost
Armour
 b - a +0 animal skin (worn)
 i - a +0 pair of gloves (worn)
 l - a +0 robe
Jewellery
 f - a ring of protection from magic (left hand)
 g - a ring of protection from fire (right hand)
Scrolls
 c - 4 scrolls of remove curse
Potions
 j - a potion of magic


   Skills:
 + Level 4.8(4.4) Fighting
 + Level 4.6(4.2) Maces & Flails
 + Level 2.7(2.3) Armour
 + Level 2.7(2.4) Dodging


You had 3 spell levels left.
You didn't know any spells.

Dungeon Overview and Level Annotations

Branches:
Dungeon (2/15)

Altars:
Fedhas
Nemelex Xobeh

Annotations:
D:2 Crazy Yiuf


Innate Abilities, Weirdness & Mutations

You reflexively headbutt those who attack you in melee.
You have a pair of horns on your head.


Message History

You can't see that place. [the floor.] Crazy Yiuf shouts!
You hit Crazy Yiuf but do no damage.
Crazy Yiuf is heavily wounded.
Crazy Yiuf hits you with a quarterstaff of chaos!
Crazy Yiuf freezes you.
You barely miss Crazy Yiuf.
Crazy Yiuf is heavily wounded.
Crazy Yiuf hits you with a quarterstaff of chaos!
* * * LOW HITPOINT WARNING * * *
Crazy Yiuf burns you.
* * * LOW HITPOINT WARNING * * *
You hit Crazy Yiuf but do no damage. You headbutt Crazy Yiuf.
Crazy Yiuf is severely wounded.
Crazy Yiuf misses you.
You hit Crazy Yiuf but do no damage.
Crazy Yiuf is severely wounded.
Crazy Yiuf hits you with a quarterstaff of chaos!
You die...

.....##.##### #.#
###.# ...#.##.# #.#
#.# #)......# #.#
#.# #.##.#### ###
### #.##.# #######
#.##.### #.....#
#......# #.##.#####
### #..###.#
#.##...'P## ##..)#
#..# .#
#.##..@gP.####g....#
#..###.#
#.###......#..#
#.>....# #.#
##.'P.#.### #.#.####
#.# ######## ##
..#.# #.# #. ###.#
#.# ###### ## #.#
#.# #.##.# #.# #.#
#.##.# #.# #.#
#.##.#######


You could see Crazy Yiuf.

Vanquished Creatures
  Jessica (D:2)
  An adder (D:2)
  4 giant geckos (D:1)
  5 bats
  3 giant cockroaches
  A hobgoblin (D:1)
  6 jackals
  2 ball pythons (D:1)
  2 giant newts
  7 goblins
  8 kobolds
  7 rats
  2 fungi (D:2)
49 creatures vanquished.

Notes
Turn   | Place    | Note
--------------------------------------------------------------
     0 | D:1      | Mynnion, the Minotaur Berserker, began the quest for the Orb.
     0 | D:1      | Reached XP level 1. HP: 19/19 MP: 1/1
    66 | D:1      | Reached XP level 2. HP: 9/27 MP: 1/1
    80 | D:1      | Reached skill level 4 in Fighting
   403 | D:1      | Acquired Trog's second power
   429 | D:1      | Reached XP level 3. HP: 18/33 MP: 2/2
   647 | D:2      | Found a sparkling altar of Nemelex Xobeh.
   883 | D:2      | Found a blossoming altar of Fedhas.
   958 | D:2      | Noticed Jessica
   968 | D:2      | Killed Jessica
   968 | D:2      | Reached XP level 4. HP: 20/41 MP: 2/2
  1186 | D:2      | Noticed Crazy Yiuf
  1197 | D:2      | HP: 1/41 [Crazy Yiuf/quarterstaff of chaos (2)]
  1430 | D:2      | Slain by Crazy Yiuf

Action                   |  1- 3 |  4- 6 || total
-------------------------+-------+-------++-------
Melee: Mace              |    85 |    34 ||   119
  Use: Scroll            |     3 |     2 ||     5
       Potion            |     1 |     1 ||     2
  Eat: Bread ration      |     1 |     1 ||     2
